 Dungeon Crawl Stone Soup version 0.31.0-11-ge490571c62 (webtiles) character file.

Game seed: 10712019951620279678

6 RancidPinata the Sneak (level 1, -6/16 HPs)
             Began as an Octopode Delver on Feb 9, 2024.
             Mangled by a sleepcap (8 damage)
             ... on level 5 of the Dungeon.
             The game lasted 00:01:08 (173 turns).

RancidPinata the Sneak (Octopode Delver)             Turns: 173, Time: 00:01:08

Health: -6/16      AC:  1    Str: 11    XL:     1   Next: 90%
Magic:  0/0        EV: 13    Int: 12    God:
Gold:   25         SH:  0    Dex: 13    Spells: 0/0 levels left

rFire   . . .        a - +0 short sword
rCold   . . .        (no shield)
rNeg    . . .        (helmet restricted)
rPois   .            (no amulet)
rElec   .            (no ring)
rCorr   .            (no ring)
SInv    .            (no ring)
Will    .....        (no ring)
Stlth   ++++         (no ring)
HPRegen 0.22/turn    (no ring)
MPRegen 0.07/turn    (no ring)
                     (no ring)

%: random rage (3%)
@: no status effects
A: almost no armour, amphibious, 8 rings, camouflage 1, gelatinous body 1,
(nimble swimmer 1), tentacles, berserk 1, low MP 1
a: no special abilities


You were on level 5 of the Dungeon.
You visited 1 branch of the dungeon, and saw 2 of its levels.

You collected 25 gold pieces.

Inventory:

Hand Weapons
 a - a +0 short sword (weapon)
Wands
 f - a wand of digging (3)
Scrolls
 b - a scroll of fog
 c - a scroll of revelation
 i - 3 scrolls of identify {unknown}
Potions
 e - a potion of haste
 g - a potion of resistance {unknown}


   Skills:
 + Level 3.1 Fighting
 + Level 2.1 Short Blades
 + Level 2.1 Dodging
 + Level 6.7 Stealth


You couldn't memorise any spells.
You didn't know any spells.
Your spell library was empty.

Dungeon Overview and Level Annotations

Branches:
Dungeon (6/15)
 Temple: D:4-7

Altars:


Innate Abilities, Weirdness & Mutations

You cannot wear most types of armour.
You are amphibious.
You can wear up to eight rings at the same time.
Your skin changes colour to match your surroundings (Stealth+).
Your rubbery body absorbs attacks. (AC +1, EV +1)
((You are camouflaged when in or above water. (Stealth+)))
You have tentacles for arms and can constrict up to eight enemies at once.
You sometimes lose your temper in combat.
Your magical capacity is low. (-10% MP)


Message History

The orc shouts!
You hit the orc but do no damage. You grab the orc. You constrict the orc.
The orc misses you.
The orc shouts!
You hit the orc. Your squeeze misses the orc.
The orc is moderately wounded.
You constrict the orc, but do no damage.
You hear an angry growl.
A sleepcap comes into view.
The orc closely misses you.
You hit the orc.
The orc is severely wounded.
You constrict the orc, but do no damage.
The orc hits you with a +0 dagger.
You hit the orc.
You kill the orc!
You closely miss the orc. Your grab misses the orc.
The orc completely misses you.
You barely miss the orc. You grab the orc. You constrict the orc.
The orc hits you with a +0 falchion.
You hit the orc. You squeeze the orc, but do no damage.
The orc is almost dead.
You constrict the orc.
You kill the orc!
You hit the orc. Your grab misses the orc.
You tentacle-slap the orc, but do no damage.
Your squeeze misses the orc.
The orc is heavily wounded.
The orc hits you with a +0 dagger.
* * * LOW HITPOINT WARNING * * *
You hit the orc.
You kill the orc!
As you read the scroll of fear, it crumbles to dust.
You assume a fearsome visage.
The sleepcap is unaffected.
The orc looks frightened! x2
It was a potion of mutation.
You feel extremely strange.
You feel a little pissed off.
You feel less energetic. The sleepcap releases spores at you!
Ouch! That really hurt!
You die...

### #.## ###..# #.@..#
###f## ###)####
..#....#.###
#...o.......###
#.............###
#o...##o........#
..o.~~.~.##.##..........#
.o..~≈~~....#....#....###


You could see a sleepcap and an orc (fleeing).

Vanquished Creatures
  3 orcs (D:5)
3 creatures vanquished.

Notes
Turn   | Place    | Note
-------+----------+-------------------------------------------
     0 | D:5      | RancidPinata the Octopode Delver began the quest for the
                  | Orb.
     0 | D:5      | Reached XP level 1. HP: 16/16 MP: 1/1
     1 | D:6      | Noticed an iguana
     5 | D:5      | Noticed an iguana
    28 | D:6      | Noticed an ogre
    38 | D:6      | Noticed a hound
    64 | D:6      | Noticed a steam dragon
   162 | D:5      | Noticed a sleepcap
   173 | D:5      | Gained mutation: You sometimes lose your temper in combat.
                  | [potion of mutation]
   173 | D:5      | Gained mutation: Your magical capacity is low. (-10% MP)
                  | [potion of mutation]
   173 | D:5      | Mangled by a sleepcap

Illustrated notes

Levels and vault maps discovered:
D:5:      layout_cave_pools, serial_rivers, chequers_serial_rivers_micro_d,
          chequers_serial_rivers_micro_e, chequers_serial_rivers_micro_c,
          chequers_serial_rivers_small_3, minmay_misc_feat_tower,
          amcnicky_mini_rare_corridor_liquid,
          nicolae_shop_i_like_small_books_too, uniq_prince_ribbit1
D:6:      layout_rooms, serial_shops, nicolae_shop_peninsula,
          chequers_serial_rivers_small_a, roderic_serpentine_path,
          kennysheep_donut, uniq_crazy_yiuf_cottage

Action                     || total
---------------------------++-------
  Melee: Short sword       ||    11
         Constrict         ||     3
         Punch             ||     1
         Tentacles         ||     1
    Use: Scroll            ||     1
         Potion            ||     1
 Armour: Skin              ||     5
  Dodge: Dodged            ||     5
